 Dungeon Crawl Stone Soup version 0.29-a0-307-gecccbbdb84 (webtiles) character file.

Game seed: 7182934513464401970

7 jt the Sneak (level 2, -2/19 HPs)
             Began as a Gargoyle Delver on Mar 27, 2022.
             Slain by an orc priest
             ... wielding a +0 short sword
              (5 damage)
             ... on level 4 of the Dungeon.
             The game lasted 00:00:45 (209 turns).

jt the Sneak (Gargoyle Delver)                       Turns: 209, Time: 00:00:46

Health: -2/19      AC:  5    Str: 15    XL:     2   Next: 0%
Magic:  2/2        EV: 11    Int: 10    God:
Gold:   0          SH:  0    Dex: 11    Spells: 1/1 levels left

rFire   . . .      SeeInvis .   h - +1 spear (venom)
rCold   . . .      Faith    .   (no shield)
rNeg    + . .      Spirit   .   b - +0 leather armour
rPois   ∞          Reflect  .   (no helmet)
rElec   +          Harm     .   (no cloak)
rCorr   .          Rampage  .   (no gloves)
Will    .....                   (no boots)
Stlth   +++.......              (no amulet)
HPRegen 0.06/turn               (no ring)
MPRegen 0.08/turn               (no ring)

@: hasted, very quick
A: sickness immunity, AC +2, negative energy resistance 1, electricity
resistance, torment resistance 1, petrification resistance
a: no special abilities


You were on level 4 of the Dungeon.
You visited 1 branch of the dungeon, and saw 2 of its levels.

Inventory:

Hand Weapons
 a - a +0 hand axe
 h - a +1 spear of venom (weapon)
Armour
 b - a +0 leather armour (worn)
Wands
 g - a wand of digging (3)
Scrolls
 c - a scroll of fog
 d - a scroll of magic mapping
 e - a scroll of fear


   Skills:
 - Level 3.2 Fighting
 + Level 2.4 Axes
 - Level 1.5 Dodging
 - Level 5.4 Stealth


You had one spell level left.
You didn't know any spells.
Your spell library was empty.

Dungeon Overview and Level Annotations

Branches:
Dungeon (5/15)
 Temple: D:4-7

Altars:


Innate Abilities, Weirdness & Mutations

You are immune to sickness and miasma.
Your stone body is resilient. (AC +2)
You are immune to poison.
You resist negative energy. (rN+)
You are resistant to electric shocks. (rElec)
You are resistant to unholy torment.
You are immune to petrification.


Message History

A giant cockroach comes into view.
An orc priest comes into view. It is wielding a +0 short sword.
You closely miss the jackal.
The jackal bites you but does no damage.
You closely miss the jackal. The jackal bites you.
The jackal bites you but does no damage.
You feel yourself speed up. The jackal barely misses you.
You barely miss the jackal. The jackal closely misses you.
Okay, then.
Okay, then.
You hit the jackal.
You kill the jackal!
Reach: h) +1 spear (venom)
Press: ? - help, Dir - move target, f - orc priest
Aim: an orc priest, wielding a +0 short sword (about 40% to evade your +1 spear of venom)
The giant cockroach is in the way.
You hit the giant cockroach.
The giant cockroach is poisoned.
The giant cockroach is moderately wounded.
The giant cockroach closely misses you.
Reach: h) +1 spear (venom)
Press: ? - help, Dir - move target, f/p - orc priest
Aim: an orc priest, wielding a +0 short sword (about 40% to evade your +1 spear of venom)
The giant cockroach is in the way.
You hit the giant cockroach but do no damage.
The giant cockroach is severely wounded.
The giant cockroach bites you but does no damage.
An orc priest comes into view. It is wielding a +0 club.
You closely miss the orc priest.
You kill the giant cockroach!
The orc priest calls down the wrath of Beogh upon you.
Beogh smites you!
Ouch! That really hurt!
* * * LOW HITPOINT WARNING * * *
You have reached level 2!
You aren't carrying any potions.
Okay, then.
You hit the orc priest but do no damage.
You closely miss the orc priest.
The orc priest hits you with a +0 short sword.
You die...

...#.#
#.......### .#
#.#.# #........#
.#
#...####.<......#
##
#................
#...###....^...##
#.#####...#
#........#
#.........#
#........#
#.........#
#........
#>.......@#
#........
#.......o†#
...#.###.
#.........# .##..
#...).....#
#.........#
#........?.
#!.......o.#
...........
####......


You could see 2 orc priests.

Vanquished Creatures
  A ball python (D:4)
  A giant cockroach (D:4)
  2 jackals (D:4)
  A quokka (D:4)
5 creatures vanquished.

Notes
Turn   | Place    | Note
-------+----------+-------------------------------------------
     0 | D:5      | jt the Gargoyle Delver began the quest for the Orb.
     0 | D:5      | Reached XP level 1. HP: 14/14 MP: 1/1
    10 | D:5      | Noticed a hound
   199 | D:4      | Noticed an orc priest
   206 | D:4      | Noticed an orc priest
   208 | D:4      | Reached XP level 2. HP: 3/19 MP: 2/2
   209 | D:4      | Slain by an orc priest

Illustrated notes

Levels and vault maps discovered:
D:4:      layout_rooms, temple_statues, serial_shops, nicolae_shop_waterfront
D:5:      layout_cave_pools, mainiacjoe_overflow_catwalk

Skill      XL: |  1 |
---------------+----+-----
Axes           | 2 |  2.4
Fighting       | |  3.2
Dodging        | |  1.5
Stealth        | |  5.4

Action                   || total
-------------------------++-------
Melee: Spear             ||    17
  Use: Potion            ||     1
 Stab: Sleeping          ||     2
Armor: Leather armour    ||     4
Dodge: Dodged            ||     6

Table legend: (Time is in decaauts)
 A = Elapsed time spent in this place.
 B = Non-inter-level travel time spent in this place.
 C = Inter-level travel time spent in this place.
 D = Time resting spent in this place.
 E = Time spent auto-exploring this place.
 F = Levels seen in this place.
 G = Mean time per level.
                   A        B        C        D        E       F      G
               +--------+--------+--------+--------+--------+-----+--------+
         Total |    207 |    207 |      0 |    144 |      0 |   2 |  103.5 |
       Dungeon |    207 |    207 |      0 |    144 |      0 |   2 |  103.5 |
               +--------+--------+--------+--------+--------+-----+--------+

Top non-repeatable levels by time:
     D:4: 194 daAuts
     D:5: 13 daAuts
